 Dungeon Crawl Stone Soup version 0.26-a0-28-gc929df5585 (webtiles) character file.

Game seed: 11964953840947998129, levelgen mode: deterministic

77416 Essalna the Geomancer (level 15, -16/95 HPs)
             Began as a Gargoyle Earth Elementalist on May 28, 2020.
             Was a High Priest of Vehumet.
             Demolished by a white very ugly thing (45 damage)
             ... on level 10 of the Dungeon.
             The game lasted 01:33:30 (23672 turns).

Essalna the Geomancer (GrEE)                       Turns: 23672, Time: 01:33:31

Health: -16/95     AC: 26    Str: 12    XL:     15   Next: 56%
Magic:  20/29      EV: 20    Int: 24    God:    Vehumet [*****.]
Gold:   1938       SH:  5    Dex: 16    Spells: 14/35 levels left

rFire    + . .     SeeInvis .   O - +1 rapier "Beastslayer" {vorpal, MR+ Int+2 Dex+4}
rCold    . . .     Gourm    .   t - +0 buckler
rNeg     + + +     Faith    .   H - +2 ring mail "Anea" {rN++}
rPois    ∞         Spirit   .   E - +0 helmet
rElec    +         Reflect  .   Q - +0 cloak of an ossuary {Dex+2}
rCorr    .         Harm     .   Z - +0 pair of gloves "Coediff" {+Blink}
MR       ++...                  y - +0 pair of boots
Stlth    +.........             J - amulet of regeneration
HPRegen  0.65/turn              u - +4 ring of evasion
MPRegen  0.21/turn              G - ring of protection from fire

@: frozen ramparts, flying
A: big wings, negative energy resistance 1, electricity resistance, unbreathing,
petrification resistance, rot immunity, AC +11
a: Stop Flying, Renounce Religion, Evoke Blink


You were on level 10 of the Dungeon.
You worshipped Vehumet.
Vehumet was extremely pleased with you.
You were very hungry.

You visited 4 branches of the dungeon, and saw 22 of its levels.

You collected 2181 gold pieces.
You spent 243 gold pieces at shops.

Inventory:

Hand Weapons
 x - a +2 hand axe of electrocution
 O - the +1 rapier "Beastslayer" (weapon) {vorpal, MR+ Int+2 Dex+4}
   (You bought it in a shop on level 2 of the Orcish Mines)

   It inflicts extra damage upon your enemies.
   It affects your intelligence (+2).
   It affects your dexterity (+4).
   It affects your resistance to hostile enchantments.
Missiles
 b - 628 stones (quivered)
Armour
 f - a +2 robe of magic resistance
 l - a +2 robe of fire resistance
 t - a +0 buckler (worn)
 y - a +0 pair of boots (worn)
 E - a +0 helmet (worn)
 H - the +2 ring mail "Anea" (worn) {rN++}
   (You found it on level 6 of the Lair of Beasts)

   It greatly protects you from negative energy.
 Q - the +0 cloak of an ossuary (worn) {Dex+2}
   (You found it on level 12 of the Dungeon)

   It affects your dexterity (+2).
 U - a scarf of invisibility
 Z - the +0 pair of gloves "Coediff" (worn) {+Blink}
   (You found it on level 5 of the Lair of Beasts)

   It lets you blink.
Magical Staves
 c - an uncursed staff of cold
 P - an uncursed staff of wizardry
Jewellery
 j - an uncursed ring of protection from magic
 u - a +4 ring of evasion (left hand)
 B - a +6 ring of dexterity
 C - a +4 ring of evasion
 G - a ring of protection from fire (right hand)
 J - an amulet of regeneration (around neck)
 L - a +6 ring of dexterity
Wands
 p - a wand of acid (9)
 z - a wand of iceblast (9)
 R - a wand of disintegration (39)
 S - a wand of digging (5)
 Y - a wand of enslavement (11)
Scrolls
 e - 5 scrolls of magic mapping
 h - 9 scrolls of remove curse
 n - 7 scrolls of identify
 o - 3 scrolls of enchant weapon
 s - 3 scrolls of noise {unknown}
 w - 7 scrolls of fog
 A - 4 scrolls of teleportation
 D - 4 scrolls of enchant armour
 K - 4 scrolls of amnesia
 N - a scroll of silence {unknown}
 V - a scroll of brand weapon
Potions
 a - 5 potions of ambrosia
 i - 5 potions of magic
 k - 4 potions of brilliance
 q - 4 potions of might
 r - 2 potions of mutation {unknown}
 v - 3 potions of curing
 F - a potion of cancellation
 I - 5 potions of flight
 M - a potion of berserk rage
 T - a potion of stabbing
 X - 3 potions of haste
Comestibles
 d - 43 rations


   Skills:
 + Level 11.6 Fighting
 + Level 11.5 Armour
 + Level 9.2 Dodging
 - Level 2.1 Stealth
 - Level 4.0 Shields
 + Level 10.9 Spellcasting
 + Level 9.0 Conjurations
 - Level 0.7 Transmutations
 + Level 8.2 Ice Magic
 + Level 13.9 Earth Magic


You had 14 spell levels left.
You knew the following spells:

 Your Spells              Type           Power        Failure   Level  Hunger
a - Sandblast             Erth           ######       1%          1    None
b - Passwall              Tmut/Erth      #####...     1%          2    None
c - Stone Arrow           Conj/Erth      ######       1%          3    None
d - Lee's Rapid Deconstr  Erth           ######....   1%          5    ####...
e - Frozen Ramparts       Ice            ######       1%          3    None
f - Spellforged Servitor  Conj/Summ      ####......   94%         7    #######

Your spell library contained the following spells:

 Spells                   Type           Power        Failure   Level  Hunger
 Freezing Cloud           Conj/Ice/Air   #####.....   30%         6    #####..
 Shock                    Conj/Air       ####         1%          1    None
 Static Discharge         Conj/Air       ####....     1%          3    None
 Bolt of Magma            Conj/Fire/Erth ######....   3%          5    ####...
 Leda's Liquefaction      Hex/Erth       #####.....   4%          4    None
 Petrify                  Tmut/Erth      #####...     4%          4    None
 Ignite Poison            Fire/Tmut/Pois ##......     7%          3    None
 Inner Flame              Hex/Fire       ##......     7%          3    None
 Animate Skeleton         Necr           N/A          9%          1    None
 Apportation              Tloc           ##....       9%          1    None
 Corona                   Hex            ##.....      9%          1    None
 Summon Small Mammal      Summ           ##..         9%          1    None
 Lightning Bolt           Conj/Air       ####......   11%         5    ####...
 Slow                     Hex            ##......     14%         2    None
 Swiftness                Chrm/Air       ##......     14%         2    None
 Airstrike                Air            ##........   22%         4    None
 Confusing Touch          Hex            ##......     26%         3    None
 Gell's Gravitas          Tloc           ##........   26%         3    None
 Portal Projectile        Hex/Tloc       ##....       26%         3    None
 Metabolic Englaciation   Hex/Ice        ####......   41%         5    ####...
 Yara's Violent Unravell  Hex/Tmut       ##........   45%         5    ####...
 Cause Fear               Hex            ##........   65%         4    None
 Dispel Undead            Necr           ##......     65%         4    None
 Agony                    Necr           ##......     94%         5    ####...


Dungeon Overview and Level Annotations

Branches:
Dungeon (13/15)            Temple (1/1) D:5            Lair (6/6) D:10
  Swamp (0/4) Lair:3        Snake (0/4) Lair:3        Slime (0/5) Lair:5
    Orc (2/2) D:11            Elf (0/3) Orc:2
 Vaults: D:13-14

Altars:
Ashenzari
Dithmenos
Gozag
Kikubaaqudgha
Makhleb
Nemelex Xobeh
Okawaru
Ru
Trog
Uskayaw
Vehumet
Wu Jian
Xom
Yredelemnul
The Shining One
Lugonu

Shops:
D:8 *   Orc:2 *}*=(

Annotations:
D:10 1 transporter
D:12 3 runed translucent doors, Bapho's ghost, journeyman GrFi
Lair:5 exclusion: oklob plant
Orc:2 3 runed translucent doors, RamboRex's ghost, journeyman MiBe


Innate Abilities, Weirdness & Mutations

You are resistant to torment.
Your stone body is resilient. (AC +11)
You are immune to poison.
Your large and strong wings let you fly indefinitely.
You resist negative energy. (rN+)
You are resistant to electric shocks. (rElec)
You can survive without breathing.
You are immune to petrification.
You are immune to rotting.


Message History

The white very ugly thing completely resists.
The wall freezes the white very ugly thing but do no damage.
The white very ugly thing misses you.
The white very ugly thing completely resists.
The wall freezes the white very ugly thing but do no damage.
The white very ugly thing stings you but does no damage.
You are feeling very hungry.
You hit the white very ugly thing.
The white very ugly thing is moderately wounded.
The white very ugly thing completely resists.
The wall freezes the white very ugly thing but do no damage.
The white very ugly thing stings you.
The white very ugly thing freezes you!!!
Ouch! That really hurt!
* * * LOW HITPOINT WARNING * * *
You feel much better.
The white very ugly thing resists.
The wall freezes the white very ugly thing.
The white very ugly thing stings you.
The white very ugly thing freezes you!!!
You die...

##.#########.##..##.#........##
.)....................####..#####
.................<...............
...########.....#####.#########.#
#### #.!##...##..##..# #.#
...##...###?.##.## #.#
.#..#####..#$ #..# #.#
####./.###.u§#####.# #.#
#.###......@###.##'#######'#
##...##.....##...#...........
#####....©#.$_.©#©...............
.........##.....##...............
#####..###......h###.#......###+#
#...#.###/..###...####......###.#
#.#.#.#u#..## ##..#.#####'.......
#.#.#.#u.### ##...#.......#####
#.....##.. #).##....#...##


You could see a white very ugly thing and a raiju.

Vanquished Creatures
  Rupert (Orc:2)
  Jorgrun (Orc:2)
  Nessos (Orc:2)
  2 entropy weavers (Lair:4)
  Azrael (Orc:2)
  A dire elephant (Lair:6)
  Josephine (D:10)
  A fire dragon (Lair:5)
  Fannar (D:11)
  Harold (D:7)
  5 hydras
  A catoblepas (shapeshifter) (D:10)
  Erica (D:11)
  3 two-headed ogres
  3 death yaks (Lair:6)
  A queen ant (Lair:4)
  4 orc high priests (Orc:2)
  Nergalle (Lair:3)
  An unseen horror (D:12)
  3 lindwurms
  Pikel (D:6)
  3 orc knights (Orc:2)
  An orc sorcerer (Orc:2)
  4 ugly things
  9 elephants
  5 black mambas
  A gargoyle (D:10)
  2 torpor snails (Lair:6)
  9 rime drakes
  Psyche (D:11)
  8 spiny frogs
  2 centaur skeletons (D:12)
  6 komodo dragons
  An ancient zyme (D:10)
  A queen bee (Lair:2)
  8 trolls
  11 blink frogs
  10 hippogriffs
  4 slime creatures (D:12)
  7 dream sheep (Lair:6)
  A large abomination (D:10)
  Sigmund (D:3)
  A spriggan (D:8)
  3 wyverns
  43 yaks
  5 wraiths
  2 fire elementals (Orc:2)
  3 hungry ghosts
  Eustachio (D:5)
  9 basilisks
  Menkaure (D:6)
  Edmund (D:5)
  A naga (Lair:3)
  28 soldier ants
  An acid dragon (D:11)
  3 hell hounds (Orc:2)
  15 water moccasins
  8 porcupines
  6 sky beasts
  22 orc warriors
  6 ice beasts
  2 black bears
  2 slaves (D:6)
  A necrophage (D:7)
  3 ogres
  6 wolves
  A phantom (D:7)
  6 centaurs
  15 crocodiles
  2 big kobolds
  A gnoll sergeant (D:10)
  10 bullfrogs
  2 scorpions
  28 killer bees
  A howler monkey (D:11)
  2 vampire bats (D:7)
  5 crimson imps
  A lava snake (D:13)
  2 centaur zombies
  A bullfrog skeleton (D:11)
  2 bullfrog zombies
  29 orc priests
  4 hounds
  2 jellies (D:11)
  31 orc wizards
  Jessica (D:2)
  7 iguanas
  Natasha (twice) (D:3)
  A hell rat (Lair:6)
  A small abomination (D:10)
  28 worker ants
  A killer bee zombie (D:10)
  A hound zombie (D:6)
  2 hound skeletons
  A howler monkey zombie (D:11)
  A worker ant zombie (D:9)
  6 gnolls (D:10)
  A howler monkey skeleton (D:5)
  10 adders
  3 river rats (Lair:2)
  2 shadow imps
  An ooze (D:4)
  An adder zombie (D:9)
  An adder skeleton (D:4)
  4 worms
  A dart slug (D:1)
  5 leopard geckos
  74 orcs
  A ball python (D:2)
  3 bat skeletons (D:7)
  2 bat zombies (D:7)
  3 giant cockroaches (D:2)
  5 goblins
  13 hobgoblins
  10 jackals
  6 quokkas
  10 bats
  3 frilled lizards
  A giant cockroach zombie (D:5)
  20 kobolds
  A quokka skeleton (D:5)
  A quokka zombie (D:8)
  7 rats
  4 fungi
  2 plants
695 creatures vanquished.

Vanquished Creatures (others)
  A crimson imp (D:6)
  2 orc wizards
  3 fungi
  3 plants
9 creatures vanquished.

Grand Total: 704 creatures vanquished

Notes
Turn   | Place    | Note
-------+----------+-------------------------------------------
     0 | D:1      | Essalna the Gargoyle Earth Elementalist began the quest for
                  | the Orb.
     0 | D:1      | Reached XP level 1. HP: 10/10 MP: 3/3
   258 | D:1      | Reached skill level 4 in Earth Magic
   258 | D:1      | Reached XP level 2. HP: 14/15 MP: 0/5
   784 | D:1      | Reached XP level 3. HP: 19/19 MP: 4/6
  1357 | D:2      | Noticed Jessica
  1364 | D:2      | Killed Jessica
  1364 | D:2      | Reached XP level 4. HP: 19/24 MP: 6/8
  1532 | D:2      | Learned a level 2 spell: Passwall
  1536 | D:2      | Learned a level 3 spell: Stone Arrow
  1567 | D:2      | Reached skill level 5 in Earth Magic
  2248 | D:3      | Reached XP level 5. HP: 25/28 MP: 8/10
  2620 | D:3      | Noticed Natasha
  2622 | D:3      | Killed Natasha
  2692 | D:3      | Noticed Sigmund
  2737 | D:4      | Reached skill level 6 in Earth Magic
  2746 | D:4      | Reached XP level 6. HP: 27/32 MP: 1/12
  2868 | D:4      | Found a shadowy altar of Dithmenos.
  3189 | D:3      | Killed Sigmund
  3189 | D:3      | Reached skill level 7 in Earth Magic
  3189 | D:3      | Reached XP level 7. HP: 36/36 MP: 6/14
  3380 | D:3      | Noticed Natasha
  3383 | D:3      | Killed Natasha
  3584 | D:4      | Found an ornate altar of the Wu Jian Council.
  3872 | D:4      | Reached skill level 1 in Fighting
  3875 | D:4      | Reached skill level 5 in Spellcasting
  3895 | D:4      | Reached skill level 1 in Armour
  4082 | D:4      | Reached skill level 1 in Shields
  4188 | D:5      | Entered Level 5 of the Dungeon
  4228 | D:5      | Found a staircase to the Ecumenical Temple.
  4237 | Temple   | Entered the Ecumenical Temple
  4293 | Temple   | Became a worshipper of Vehumet
  4565 | D:5      | Reached XP level 8. HP: 44/44 MP: 13/15
  4824 | D:5      | Noticed Eustachio
  4849 | D:5      | Killed Eustachio
  5070 | D:5      | Reached * piety under Vehumet
  5070 | D:5      | Offered knowledge of Freeze by Vehumet.
  5113 | D:5      | Found a sacrificial altar of Ru.
  5236 | D:5      | Reached skill level 8 in Earth Magic
  5246 | D:5      | Noticed Edmund
  5307 | D:5      | Killed Edmund
  5636 | D:6      | Noticed Menkaure
  5638 | D:6      | Killed Menkaure
  5638 | D:6      | Reached XP level 9. HP: 51/51 MP: 10/17
  5930 | D:6      | Noticed Pikel
  5936 | D:6      | Killed Pikel
  7042 | D:7      | Found an ancient bone altar of Kikubaaqudgha.
  7299 | D:7      | Offered knowledge of Searing Ray by Vehumet.
  7426 | D:7      | Reached ** piety under Vehumet
  7633 | D:7      | Reached skill level 9 in Earth Magic
  7718 | D:7      | Noticed Harold
  7732 | D:7      | Killed Harold
  7732 | D:7      | Reached skill level 5 in Fighting
  7732 | D:7      | Reached skill level 5 in Armour
  7732 | D:7      | Reached XP level 10. HP: 34/59 MP: 12/20
  8446 | D:8      | Found Zinakyrch's Island Escapes.
  9177 | D:9      | Learned a level 5 spell: Lee's Rapid Deconstruction
  9178 | D:9      | Noticed a two-headed ogre
  9189 | D:9      | Killed a two-headed ogre
  9189 | D:9      | Reached skill level 5 in Dodging
  9404 | D:9      | Noticed a two-headed ogre
  9459 | D:8      | Reached skill level 10 in Earth Magic
  9580 | D:9      | Killed a two-headed ogre
  9900 | D:10     | Entered Level 10 of the Dungeon
  9922 | D:10     | Offered knowledge of Frozen Ramparts by Vehumet.
  9925 | D:10     | Reached XP level 11. HP: 66/66 MP: 7/22
 10129 | D:10     | Reached *** piety under Vehumet
 10145 | D:10     | Noticed a two-headed ogre
 10163 | D:10     | Killed a two-headed ogre
 10273 | D:10     | Learned a level 3 spell: Frozen Ramparts
 10604 | D:10     | Noticed a green ugly thing
 10659 | D:10     | Offered knowledge of Fulminant Prism by Vehumet.
 10723 | D:10     | Found a staircase to the Lair.
 10852 | D:10     | Found a corrupted altar of Lugonu.
 10852 | D:10     | Noticed a red ugly thing
 10853 | D:10     | Noticed a shock serpent
 10853 | D:10     | Noticed a green very ugly thing
 10854 | D:10     | Noticed a purple ugly thing
 10960 | D:10     | Found a transporter.
 10961 | D:10     | Found a transporter.
 10985 | D:10     | Noticed an alligator
 11013 | D:10     | Reached skill level 1 in Conjurations
 11014 | D:10     | Reached skill level 1 in Ice Magic
 11091 | D:10     | Noticed Josephine
 11106 | D:10     | Killed Josephine
 11106 | D:10     | Reached skill level 11 in Earth Magic
 11392 | Lair:1   | Entered Level 1 of the Lair of Beasts
 11502 | Lair:1   | Reached **** piety under Vehumet
 11577 | Lair:1   | Noticed a seven-headed hydra
 11580 | Lair:1   | Killed a seven-headed hydra
 11580 | Lair:1   | Offered knowledge of Iskenderun's Battlesphere by Vehumet.
 11599 | Lair:1   | Got a slimy chain mail
 11610 | Lair:1   | Identified the +5 chain mail "Inaocs" {rPois Slay+2} (You
                  | found it on level 1 of the Lair of Beasts)
 11718 | Lair:1   | Reached XP level 12. HP: 63/73 MP: 24/24
 12834 | Lair:2   | Identified Awoghis's Guide on Burning Sinister Secrets
 12931 | Lair:2   | Reached ***** piety under Vehumet
 12963 | Lair:2   | Offered knowledge of Spellforged Servitor by Vehumet.
 13527 | Lair:3   | Found a staircase to the Snake Pit.
 13536 | Lair:3   | Learned a level 7 spell: Spellforged Servitor
 13536 | Lair:3   | Noticed a five-headed hydra
 13736 | Lair:3   | Found a staircase to the Swamp.
 13791 | Lair:3   | Noticed Nergalle
 13797 | Lair:3   | Killed a five-headed hydra
 13797 | Lair:3   | Reached skill level 5 in Conjurations
 13804 | Lair:3   | Killed Nergalle
 13980 | Lair:3   | Reached XP level 13. HP: 67/80 MP: 26/26
 14038 | Lair:3   | Reached skill level 12 in Earth Magic
 14638 | Lair:4   | Noticed an entropy weaver
 14644 | Lair:4   | Killed an entropy weaver
 14644 | Lair:4   | Reached skill level 5 in Ice Magic
 14655 | Lair:4   | Noticed an entropy weaver
 14667 | Lair:4   | Killed an entropy weaver
 15994 | Lair:5   | Reached skill level 10 in Fighting
 15997 | Lair:5   | Reached skill level 10 in Armour
 16168 | Lair:5   | Noticed a fire dragon
 16185 | Lair:5   | Killed a fire dragon
 16317 | Lair:5   | Got a pair of steaming gloves
 16332 | Lair:5   | Identified the +0 pair of gloves "Coediff" {+Blink} (You
                  | found it on level 5 of the Lair of Beasts)
 16431 | Lair:5   | Found a staircase to the Slime Pits.
 16548 | Lair:6   | Entered Level 6 of the Lair of Beasts
 16740 | Lair:6   | Gained mutation: Your large and strong wings let you fly
                  | indefinitely. [Gargoyle growth]
 16740 | Lair:6   | Reached XP level 14. HP: 88/88 MP: 3/27
 16752 | Lair:6   | Reached skill level 10 in Spellcasting
 17172 | Lair:6   | Reached skill level 13 in Earth Magic
 17444 | Lair:6   | Offered knowledge of Irradiate by Vehumet.
 18000 | Lair:6   | Noticed a dire elephant
 18124 | Lair:6   | Killed a dire elephant
 18237 | Lair:6   | Got a smoking ring mail
 18248 | Lair:6   | Identified the +2 ring mail "Anea" {rN++} (You found it on
                  | level 6 of the Lair of Beasts)
 18569 | D:11     | Noticed Erica
 18581 | D:11     | Killed Erica
 18668 | D:11     | Found a gate leading to a gauntlet.
 18719 | D:11     | Noticed Fannar
 18742 | D:11     | Killed Fannar
 19014 | D:11     | Noticed Psyche
 19023 | D:11     | Killed Psyche
 19284 | D:11     | Found a staircase to the Orcish Mines.
 19334 | D:11     | You are sucked into a shaft and drop 1 floor!
 19604 | D:12     | Found a runed translucent gate.
 19604 | D:12     | Found a runed translucent gate.
 19604 | D:12     | Found a runed translucent gate.
 20155 | D:12     | Noticed Bapho's ghost (journeyman GrFi)
 20320 | D:12     | Offered knowledge of Fireball by Vehumet.
 20337 | D:12     | Got a pitted cloak
 20348 | D:12     | Identified the cursed +0 cloak of an ossuary {Dex+2} (You
                  | found it on level 12 of the Dungeon)
 20680 | Orc:1    | Entered Level 1 of the Orcish Mines
 20752 | Orc:2    | Entered Level 2 of the Orcish Mines
 20787 | Orc:2    | Found a runed translucent gate.
 20789 | Orc:2    | Found an opulent altar of Gozag.
 20790 | Orc:2    | Found a runed translucent gate.
 20790 | Orc:2    | Found a runed translucent gate.
 20835 | Orc:2    | Noticed Azrael
 20859 | Orc:2    | Killed Azrael
 20859 | Orc:2    | Reached XP level 15. HP: 8/94 MP: 16/29
 21326 | Orc:2    | Found Giru's Gadget Shop.
 21326 | Orc:2    | Found Suimmyah's Antique Weapon Boutique.
 21326 | Orc:2    | Found Nisuqiuc's Jewellery Boutique.
 21352 | Orc:2    | Found Diko's General Store.
 21357 | Orc:2    | Noticed Jorgrun
 21368 | Orc:2    | Killed Jorgrun
 21666 | Orc:2    | Bought a masterwork rapier for 243 gold pieces
 21666 | Orc:2    | Identified the +1 rapier "Beastslayer" {vorpal, MR+ Int+2
                  | Dex+4} (You bought it in a shop on level 2 of the Orcish
                  | Mines)
 21781 | Orc:2    | Noticed Rupert
 21782 | Orc:2    | Noticed Nessos
 21819 | Orc:2    | Noticed RamboRex's ghost (journeyman MiBe)
 21826 | Orc:2    | Found Ogunt's Assorted Antiques.
 21868 | Orc:2    | Found a staircase to the Elven Halls.
 22105 | Orc:2    | Killed Nessos
 22209 | Orc:2    | Killed Rupert
 22948 | Orc:1    | Offered knowledge of Freezing Cloud by Vehumet.
 23672 | D:10     | Demolished by a white very ugly thing

Illustrated notes

Levels and vault maps discovered:
D:1:      lightli_arrival_boilingwater, layout_loops_ring,
          kennysheep_flooded_box
D:2:      cheibrodos_helix_gallery, layout_basic, uniq_jessica
D:3:      layout_loops_ring, first_ration, uniq_sigmund, uniq_natasha
D:4:      layout_loops_cross, nicolae_overflow_hidden_temple, kennysheep_mini,
          nicolae_dithmenos_shadow_blocks, minmay_cut_off
D:5:      layout_basic, marbit_many_paths, minmay_temple_entry_glass,
          guppyfry_early_orc_mine, uniq_edmund, uniq_eustachio
D:6:      layout_rooms, serial_co_window_serial, co_window_paths_b,
          co_window_paths_a, co_window_paths_b, co_window_paths_b,
          co_window_paths_a, co_window_2corner, co_window_corner_cb,
          co_window_paths_c, co_window_2corner, co_window_of_opportunity_b,
          co_window_unsneaky_path_e, co_window_broadway_a, glass_columns_c,
          glass_columns_a, minivault_11, uniq_menkaure, uniq_pikel
D:7:      layout_basic, kennysheep_vampire_church, uniq_harold
D:8:      layout_loops_ring, grunt_pizzeria, hangedman_abyss_or_decor_stagger,
          nicolae_island_escapes
D:9:      layout_rooms
D:10:     gammafunk_corrupted_shrine, layout_basic, lair_entry_dummy,
          nicolae_straight_to_the_point, uniq_josephine
D:11:     layout_irregular_city, david_orc_3, gauntlet_entry_generic,
          uniq_psyche, uniq_erica, uniq_fannar
D:12:     layout_stronghold, gammafunk_ghost_necromancy
D:13:     cheibrodos_magma_flow, layout_irregular_city, david_vaults_5,
          gammafunk_ghost_necromancy, chequers_serial_rivers_small_b
Temple:   minmay_crystal_spiral_temple
Lair:1:   layout_regular_city, grunt_megastairs_4, lemuel_fruit_tree
Lair:2:   regret_index_wax_grids, layout_long_grid,
          chequers_serial_rivers_micro_a
Lair:3:   layout_regular_city, swamp_mist_pool, guppyfry_snake_entry_island,
          uniq_nergalle
Lair:4:   layout_regular_city, minivault_29, serial_bayou_shore_b,
          grunt_megastairs_5
Lair:5:   dragon1_lemuel, layout_misc_corridors, minmay_slime_entry_oklob_open
Lair:6:   hangedman_lair_in_review, layout_gridlike, minivault_19
Orc:1:    layout_diamond_mine
Orc:2:    st_orc_mages, layout_caves, ebering_ghost_gozag,
          statue_in_the_mist_lemuel, uniq_rupert, uniq_azrael, uniq_nessos,
          uniq_jorgrun

Skill      XL: |  1  2  3  4  5  6  7  8  9 10 11 12 13 14 15 |
---------------+----------------------------------------------+-----
Earth Magic    | 4 5 6 7 8 9 10 11 12 13 | 13.9
Spellcasting   | 3 4 5 6 7 8 9 10 | 10.9
Fighting       | 2 3 5 6 8 9 10 11 | 11.6
Armour         | 2 3 5 6 8 9 10 11 | 11.5
Dodging        | 2 3 4 5 6 7 8 9 |  9.2
Shields        | 1 3 4 |  4.0
Conjurations   | 3 5 6 8 9 |  9.0
Ice Magic      | 2 4 6 7 8 |  8.2
Stealth        | |  2.1
Transmutations | |  0.7

Action                   |  1- 3 |  4- 6 |  7- 9 | 10-12 | 13-15 || total
-------------------------+-------+-------+-------+-------+-------++-------
Melee: Whip              |    78 |    25 |       |       |       ||   103
       Unarmed           |     3 |       |       |       |       ||     3
       Dagger            |       |    87 |    13 |       |       ||   100
       Hand axe          |       |       |   229 |   602 |   638 ||  1469
       Rapier            |       |       |       |       |   141 ||   141
Throw: Stone             |     2 |       |       |       |       ||     2
 Cast: Sandblast         |    25 |    38 |    44 |     1 |     5 ||   113
       Stone Arrow       |       |     2 |    26 |     2 |    14 ||    44
       Lee's Rapid Decon |       |       |       |    42 |    95 ||   137
       Frozen Ramparts   |       |       |       |    47 |   126 ||   173
 Abil: Fly               |       |       |       |       |     1 ||     1
  Use: Scroll            |       |     9 |       |    17 |     3 ||    29
       Potion            |       |       |       |       |     2 ||     2
 Stab: Sleeping          |     2 |     2 |    11 |     1 |       ||    16
       Distracted        |       |       |       |     2 |       ||     2
  Eat: Chunk             |     2 |     6 |    12 |    32 |    48 ||   100
       Ration            |       |       |     1 |       |       ||     1
Armor: Robe              |    57 |    35 |    81 |   135 |   100 ||   408
       Ring mail         |       |       |       |       |   182 ||   182
Dodge: Dodged            |   104 |   105 |   213 |   694 |   817 ||  1933
Block: Buckler           |       |       |    60 |   132 |   194 ||   386

Table legend:
 A = Non-vault XP
 B = Vault XP
 C = Vault XP percentage of total XP
 D = Non-vault monster count
 E = Vault monster count
 F = Vault count percentage of total count
                 A         B        C        D         E       F
            +---------+---------+-------+---------+---------+-------
      Total |   57849 |   52746 |  47.7 |     467 |     222 |  32.2
            +---------+---------+-------+---------+---------+-------
        D:1 |      46 |       0 |   0.0 |      25 |       0 |   0.0
        D:2 |      46 |      39 |  45.9 |      24 |       3 |  11.1
        D:3 |     147 |     258 |  63.7 |      20 |       2 |   9.1
        D:4 |     375 |      38 |   9.2 |      22 |       2 |   8.3
        D:5 |     612 |     713 |  53.8 |      23 |      10 |  30.3
        D:6 |     356 |     779 |  68.6 |       9 |       2 |  18.2
        D:7 |     843 |    1124 |  57.1 |      18 |       8 |  30.8
        D:8 |     847 |     220 |  20.6 |      15 |       1 |   6.2
        D:9 |    2334 |       0 |   0.0 |      19 |       0 |   0.0
       D:10 |    5205 |    5116 |  49.6 |      45 |      12 |  21.1
       D:11 |    3748 |    2559 |  40.6 |      29 |      12 |  29.3
       D:12 |    5313 |       0 |   0.0 |      32 |       0 |   0.0
       D:13 |       0 |      47 | 100.0 |       0 |       1 | 100.0
     Lair:1 |    3543 |     109 |   3.0 |      15 |       1 |   6.2
     Lair:2 |    3698 |    5470 |  59.7 |      17 |      44 |  72.1
     Lair:3 |    3145 |     964 |  23.5 |      12 |       2 |  14.3
     Lair:4 |    1830 |    9116 |  83.3 |       8 |      49 |  86.0
     Lair:5 |    6821 |    1055 |  13.4 |      19 |       1 |   5.0
     Lair:6 |   12542 |    9990 |  44.3 |      45 |      21 |  31.8
      Orc:1 |    2382 |       0 |   0.0 |      33 |       0 |   0.0
      Orc:2 |    4016 |   15149 |  79.0 |      37 |      51 |  58.0
            +---------+---------+-------+---------+---------+-------
